 Dungeon Crawl Stone Soup version 0.32-a0-616-g9348d4545b (webtiles) character file.

Game seed: 3527406165200106546

4 croobank the Sneak (level 1, 0/16 HPs)
             Began as an Octopode Delver on Mar 5, 2024.
             Slain by an orc
             ... wielding a +0 dagger
              (1 damage)
             ... on level 5 of the Dungeon.
             The game lasted 00:01:22 (105 turns).

croobank the Sneak (Octopode Delver)                 Turns: 105, Time: 00:01:22

Health: 0/16       AC:  1    Str: 11    XL:     1   Next: 60%
Magic:  1/1        EV: 13    Int: 12    God:
Gold:   0          SH:  0    Dex: 13    Spells: 0/0 levels left

rFire   . . .        a - +0 short sword
rCold   . . .        (no shield)
rNeg    . . .        (helmet restricted)
rPois   .            (no amulet)
rElec   .            (no ring)
rCorr   .            (no ring)
SInv    .            (no ring)
Will    .....        (no ring)
Stlth   ++++         (no ring)
HPRegen 0.22/turn    (no ring)
MPRegen 0.07/turn    (no ring)
                     (no ring)

%: no passive effects
@: hasted, very quick
A: almost no armour, amphibious, 8 rings, camouflage 1, gelatinous body 1,
(nimble swimmer 1), tentacles
a: no special abilities


You were on level 5 of the Dungeon.
You visited 1 branch of the dungeon, and saw 2 of its levels.

Inventory:

Hand Weapons
 a - a +0 short sword (weapon)
Wands
 f - a wand of digging (3)


   Skills:
 - Level 3.0 Fighting
 - Level 2.0 Short Blades
 - Level 2.0 Dodging
 + Level 6.9 Stealth


You couldn't memorise any spells.
You didn't know any spells.
Your spell library was empty.

Dungeon Overview and Level Annotations

Branches:
Dungeon (6/15)
 Temple: D:4-7

Altars:

Annotations:
D:5 Blork the orc


Innate Abilities, Weirdness & Mutations

You cannot wear most types of armour.
You are amphibious.
You can wear up to eight rings at the same time.
Your skin changes colour to match your surroundings (Stealth+).
Your rubbery body absorbs attacks. (AC +1, EV +1)
((You are camouflaged when in or above water. (Stealth+)))
You have tentacles for arms and can constrict up to eight enemies at once.


Message History

There is an open door here.
You open the door.
Blork the orc comes into view.
He is wielding a +0 dire flail.
There is an open door here.
Blork the orc shouts!
Okay, then.
You feel yourself speed up. Blork the orc casts a spell at you.
The magic dart hits you.
There is an open door here.
As you read the scroll of revelation, it crumbles to dust.
You feel aware of your surroundings.
You sensed 1 shop/portal.
You open the door. 3 orcs come into view.
Found a stone staircase leading down. 2 orcs come into view.
There is an open door here.
The helpless orc fails to defend itself.
You puncture the orc!
You kill the orc!
The orc shouts! x3
As you read the scroll of fog, it dissolves into smoke.
You see here a +0 morningstar.
You hit the orc. Your grab misses the orc.
The orc is almost dead.
The orc hits you with a +0 short sword. The orc hits you with a +0 dagger.
The orc hits you with a +0 war axe!
Ouch! That really hurt!
* * * LOW HITPOINT WARNING * * *
You aren't carrying any scrolls.
You aren't carrying any potions.
You barely miss the orc. You grab the orc.
The orc is almost dead.
You constrict the orc.
You kill the orc!
Okay, then.
You hit the orc. You grab the orc. You squeeze the orc.
You kill the orc!
The orc hits you with a +0 dagger.
You die...

,,,,,,,,,*,,**,,,**,,,***+*,,,,,,
*,,,,,,,**+*******##+##.,,,,,,,,,
*,,,,,,,+,,,*,,,,*......,,,,,,,,,
*,,,,,,,*,,,+,,,,+......,,,,,,,,,
*,,,,,,,*#####+###......,,,,,,,,,
*,,,,,,,,.......>.......,,,***+*,
*,,,,,,,,...............,,,*,..#.
*,,,,,,,,.....§o§§§....##+##..,#.
****,,,,,.....§o@§§....#.......#.
* *,,,,*#######§#######..######.
* *,,,,*,,,,+.§§§........##...#.
****,,,,*,,,,#§................#.
,,,,,,,,*****#...####+##..##...#.
,,,,,,,,,,,,,#####.....#..##...#.
,,,,,,,,,,,,,*,,,#.....#.......#.
,,,,,,,,,,,,,*,,,+.....'.......+.
*,,,,,,,<,,,,****#.....#..##...#.


You could see 2 orcs.

Vanquished Creatures
  3 orcs (D:5)
3 creatures vanquished.

Notes
Turn   | Place    | Note
-------+----------+-------------------------------------------
     0 | D:5      | croobank the Octopode Delver began the quest for the Orb.
     0 | D:5      | Reached XP level 1. HP: 16/16 MP: 1/1
     1 | D:6      | Noticed a yak
     1 | D:6      | Noticed a yak
     1 | D:6      | Noticed a yak
     1 | D:6      | Noticed a yak
     4 | D:6      | Noticed an acid dragon
    81 | D:5      | Noticed Blork the orc
   105 | D:5      | Slain by an orc

Illustrated notes

Levels and vault maps discovered:
D:5:      layout_gridville, serial_shops, nicolae_shop_rolling_square,
          serial_bayou_pond_d, uniq_ijyb, uniq_menkaure, uniq_blork_the_orc
D:6:      minmay_skewed_foursquare, layout_loops_ring, serial_shops,
          nicolae_shop_industrial_runoff, minmay_a_box_with_orc_wizards_in_it,
          uniq_eustachio, uniq_jeremiah

Action                     || total
---------------------------++-------
  Melee: Short sword       ||     6
         Tentacles         ||     3
         Constrict         ||     2
    Use: Scroll            ||     3
         Potion            ||     1
   Stab: Sleeping          ||     3
 Armour: Skin              ||     7

Table legend: (Time is in decaauts)
 A = Elapsed time spent in this place.
 B = Non-inter-level travel time spent in this place.
 C = Inter-level travel time spent in this place.
 D = Time resting spent in this place.
 E = Time spent auto-exploring this place.
 F = Levels seen in this place.
 G = Mean time per level.
                   A        B        C        D        E       F      G
               +--------+--------+--------+--------+--------+-----+--------+
         Total |     98 |     98 |      0 |     53 |      0 |   2 |   49.0 |
       Dungeon |     98 |     98 |      0 |     53 |      0 |   2 |   49.0 |
               +--------+--------+--------+--------+--------+-----+--------+

Top non-repeatable levels by time:
     D:5: 93 daAuts
     D:6: 4 daAuts
